 Dungeon Crawl Stone Soup version 0.29-a0-392-g297d3b089c (webtiles) character file.

Game seed: 16412546548734005087

2 quokkamancerX the Conjurer (level 1, -2/14 HPs)
             Began as a Draconian Conjurer on May 9, 2022.
             Slain by a goblin
             ... wielding a +0 club
              (3 damage)
             ... on level 2 of the Dungeon.
             The game lasted 00:01:11 (90 turns).

quokkamancerX the Conjurer (Draconian Conjurer)       Turns: 90, Time: 00:01:12

Health: -2/14      AC:  4    Str:  9    XL:     1   Next: 25%
Magic:  1/3        EV: 12    Int: 18    God:
Gold:   0          SH:  0    Dex:  9    Spells: 3/4 levels left

rFire   . . .      SeeInvis .   (no weapon)
rCold   . . .      Faith    .   (no shield)
rNeg    . . .      Spirit   .   (body armour unavailable)
rPois   .          Reflect  .   (helmet restricted)
rElec   .          Harm     .   (no cloak)
rCorr   .          Rampage  .   (no gloves)
Will    .....                   (no boots)
Stlth   ++........              (no amulet)
HPRegen 0.04/turn               (no ring)
MPRegen 0.08/turn               (no ring)

@: no status effects
A: AC +4, unfitting armour, cold-blooded
a: no special abilities


You were on level 2 of the Dungeon.
You visited 1 branch of the dungeon, and saw 2 of its levels.

Inventory:

Potions
 a - a potion of magic


   Skills:
 - Level 1.7 Dodging
 - Level 1.7 Stealth
 + Level 2.0 Spellcasting
 + Level 4.0 Conjurations


You had 3 spell levels left.
You knew the following spells:

 Your Spells              Type           Power      Damage    Failure   Level
a - Magic Dart            Conj           64%        1d6       3%          1

Your spell library contained the following spells:

 Spells                   Type           Power      Damage    Failure   Level
 Searing Ray              Conj           32%        2d5       5%          2
 Dazzling Flash           Conj/Hex       18%        N/A       24%         3
 Fulminant Prism          Conj/Hex       4%         3d6       61%         4
 Iskenderun's Mystic Bla  Conj/Tloc      9%         2d4       61%         4


Dungeon Overview and Level Annotations

Branches:
Dungeon (2/15)

Altars:


Innate Abilities, Weirdness & Mutations

Your plain brown scales are hard. (AC +4)
You cannot fit into any form of body armour.
You are cold-blooded and may be slowed by cold attacks.


Message History

You kill the kobold!
The goblin barely misses you. The goblin hits you with a +0 club.
The magic dart hits the goblin.
The goblin is moderately wounded.
The goblin misses you. The kobold attacks as you move away!
The kobold barely misses you. The goblin misses you.
The goblin attacks as you move away! The goblin hits you but does no damage.
The kobold attacks as you move away! The kobold closely misses you.
The kobold hits you but does no damage. The goblin attacks as you move away!
The goblin hits you with a +0 club. The kobold attacks as you move away!
The kobold hits you but does no damage. The goblin attacks as you move away!
The goblin barely misses you. The goblin attacks as you move away!
The goblin hits you with a +0 club.
An endoplasm comes into view.
A quokka comes into view.
The endoplasm quivers.
The endoplasm barely misses you.
You are too injured to fight recklessly!
You are too injured to fight recklessly!
A frilled lizard comes into view.
Found 10 gold pieces.
The goblin attacks as you move away! The goblin closely misses you.
The goblin attacks as you move away! The goblin hits you but does no damage.
The goblin attacks as you move away! The goblin misses you.
The quokka barely misses you. The endoplasm closely misses you.
There is a stone staircase leading down here.
The quokka completely misses you. The goblin hits you with a +0 club.
* * * LOW HITPOINT WARNING * * *
The endoplasm freezes you.
You are frozen.
* * * LOW HITPOINT WARNING * * *
You climb downwards.
Found a book of Lightning, a spear and 16 gold pieces.
Found a stone staircase leading down.
There is a stone staircase leading up here.
Found a sedimented red potion and a book of Vapours.
The goblin barely misses you. The goblin attacks as you move away!
The goblin hits you with a +0 club.
You die...

### # ^..#..
#.#....
#########.r.....
.......@rJ.#
!.......g..#
........>...#
............#
............#
:...........#
......:.....#
.$)........#.


You could see an endoplasm, a quokka, a goblin and a rat.

Vanquished Creatures
  A quokka (D:1)
  A kobold (D:1)
2 creatures vanquished.

Notes
Turn   | Place    | Note
-------+----------+-------------------------------------------
     0 | D:1      | quokkamancerX the Draconian Conjurer began the quest for
                  | the Orb.
     0 | D:1      | Reached XP level 1. HP: 14/14 MP: 3/3
    90 | D:2      | Slain by a goblin

Illustrated notes

Levels and vault maps discovered:
D:1:      amcnicky_arrival_wind_blow, layout_basic,
          hellmonk_ecumenical_altar_zigzags, st_stairs_9, nrook_uturn,
          minmay_tiny_reverse_x
D:2:      layout_rooms

Action                   || total
-------------------------++-------
 Cast: Magic Dart        ||     6
Armor: Skin              ||     5
Dodge: Dodged            ||    18

Table legend: (Time is in decaauts)
 A = Elapsed time spent in this place.
 B = Non-inter-level travel time spent in this place.
 C = Inter-level travel time spent in this place.
 D = Time resting spent in this place.
 E = Time spent auto-exploring this place.
 F = Levels seen in this place.
 G = Mean time per level.
                   A        B        C        D        E       F      G
               +--------+--------+--------+--------+--------+-----+--------+
         Total |     89 |     89 |      0 |      0 |     20 |   2 |   44.5 |
       Dungeon |     89 |     89 |      0 |      0 |     20 |   2 |   44.5 |
               +--------+--------+--------+--------+--------+-----+--------+

Top non-repeatable levels by time:
     D:1: 88 daAuts
     D:2: 1 daAuts
